 Dungeon Crawl Stone Soup version 0.24.1-11-gbbbb2193e6 (webtiles) character file.

Game seed: 6562409031341144858, levelgen mode: deterministic

75620 Peloso the Carver (level 15, -5/117 HPs)
             Began as a Demonspawn Fighter on May 11, 2020.
             Was the Champion of Okawaru.
             Engulfed by a cloud of freezing vapour (27 damage)
             ... in an ice cave on May 12, 2020.
             The game lasted 01:10:05 (20687 turns).

Peloso the Carver (Demonspawn Fighter)             Turns: 20687, Time: 01:10:05

Health: -5/117     AC: 28    Str: 29    XL:     15   Next: 10%
Magic:  17/17      EV: 11    Int: 12    God:    Okawaru [******]
Gold:   874        SH: 15    Dex: 14    Spells: 14/14 levels left

rFire    + + .     SeeInvis .   b - +4 double sword (flame)
rCold    . . .     Gourm    .   c - +1 shield {reflect}
rNeg     + + .     Faith    +   T - +8 chain mail "Joitac" {rF++ Str+3}
rPois    .         Spirit   .   o - +1 helmet
rElec    .         Reflect  +   (no cloak)
rCorr    .         Harm     .   M - +1 pair of gloves "Anox" {rN++ Int+2}
MR       +....                  (boots unavailable)
Stlth    ..........             G - amulet of faith
HPRegen  0.29/turn              E - +5 ring of strength
MPRegen  0.15/turn              n - ring of flight

@: studying Maces & Flails
A: hooves 3, slimy green scales 2, demonic guardian 2, spiny 1, augmentation 1
a: Heroism, Finesse, Renounce Religion, Evoke Flight


You were in an ice cave.
You worshipped Okawaru.
Okawaru was exalted by your worship.
You were not hungry.

You visited 4 branches of the dungeon, and saw 22 of its levels.
You visited 1 bazaar.
You also visited: Bailey and Ice Cave.

You collected 2735 gold pieces.
You spent 1861 gold pieces at shops.

Inventory:

Hand Weapons
 a - the +9 falchion of Dicuy {slice, Str+2 Stlth+}
   (Okawaru gifted it to you on level 8 of the Dungeon)

   It inflicts extra damage upon your enemies.
   It affects your strength (+2).
   It makes you more stealthy.
 b - a +4 double sword of flaming (weapon)
 h - the +7 arbalest of the Penguin {venom, rC+ Dex+8 Stlth+, unknown}
   (Okawaru gifted it to you on level 14 of the Dungeon)

   It poisons the ammo it fires.
   It affects your dexterity (+8).
   It protects you from cold.
   It makes you more stealthy.
Armour
 c - a +1 shield of reflection (worn)
 o - a +1 helmet (worn)
 M - the +1 pair of gloves "Anox" (worn) {rN++ Int+2}
   (Okawaru gifted it to you on level 1 of the Lair of Beasts)

   It affects your intelligence (+2).
   It greatly protects you from negative energy.
 T - the +8 chain mail "Joitac" (worn) {rF++ Str+3}
   (You bought it in a shop on level 2 of the Orcish Mines)

   It affects your strength (+3).
   It greatly protects you from fire.
Jewellery
 g - an uncursed amulet of regeneration
 l - an uncursed ring of poison resistance
 n - a ring of flight (right hand)
 r - an uncursed ring of see invisible
 E - a +5 ring of strength (left hand)
 F - a +3 ring of strength
 G - an amulet of faith (around neck)
 I - an uncursed amulet of the acrobat {unknown}
Wands
 d - a wand of random effects (14)
 x - a wand of enslavement (6)
 B - a wand of iceblast (8)
Scrolls
 j - 2 scrolls of amnesia
 k - 4 scrolls of remove curse
 m - a scroll of enchant armour
 p - 6 scrolls of teleportation
 q - a scroll of summoning
 w - 5 scrolls of immolation {unknown}
 y - a scroll of acquirement
 C - 2 scrolls of blinking
 H - a scroll of enchant weapon
Potions
 e - 8 potions of curing
 i - 4 potions of flight
 v - 3 potions of haste
 z - 2 potions of heal wounds
 A - 4 potions of agility
 D - a potion of brilliance
 N - 2 potions of resistance
 R - a potion of berserk rage
Books
 s - a manual of Maces & Flails
Miscellaneous
 t - a box of beasts
Comestibles
 f - 35 rations


   Skills:
 + Level 10.7 Fighting
 + Level 14.5 Long Blades
 + Level 11.1 Armour
 + Level 5.1 Dodging
 + Level 3.8 Stealth
 + Level 12.8 Shields
 + Level 2.8 Invocations


You had 14 spell levels left.
You didn't know any spells.
Your spell library contained the following spells:

 Spells                   Type           Power        Failure   Level  Hunger
 Animate Skeleton         Necr           N/A          86%         1    ##.....
 Apportation              Tloc           #.....       86%         1    ##.....
 Confusing Touch          Hex            #.....       86%         1    ##.....
 Corona                   Hex            #......      86%         1    ##.....
 Summon Small Mammal      Summ           #...         86%         1    ##.....
 Ensorcelled Hibernation  Hex/Ice        #.....       95%         2    ###....
 Slow                     Hex            #.......     95%         2    ###....
 Confuse                  Hex            #.......     99%         3    ####...
 Dazzling Spray           Conj/Hex       #.....       99%         3    ####...
 Gell's Gravitas          Tloc           #.........   99%         3    ####...
 Inner Flame              Hex/Fire       #.......     99%         3    ####...
 Portal Projectile        Hex/Tloc       #.....       99%         3    ####...
 Tukima's Dance           Hex            #.......     99%         3    ####...
 Cause Fear               Hex            #.........   100%        4    #####..
 Leda's Liquefaction      Hex/Erth       #.........   100%        4    #####..
 Petrify                  Tmut/Erth      #.......     100%        4    #####..
 Irradiate                Conj/Tmut      #.........   100%        5    ######.
 Metabolic Englaciation   Hex/Ice        #.........   100%        5    ######.
 Yara's Violent Unravell  Hex/Tmut       #.........   100%        5    ######.
 Hydra Form               Tmut           #.........   100%        6    #######
 Statue Form              Tmut/Erth      #........    100%        6    #######
 Dragon Form              Tmut           #.........   100%        7    #######


Dungeon Overview and Level Annotations

Branches:
Dungeon (15/15)            Temple (1/1) D:5            Lair (4/6) D:8
 Shoals (0/4) Lair:2        Snake (0/4) Lair:2          Orc (2/2) D:11
    Elf (0/3) Orc:2        Vaults (0/5) D:14         Bailey (visited)
  IceCv (1/1)
 Depths: D:15

Altars:
Ashenzari
Dithmenos
Elyvilon
Fedhas
Gozag
Hepliaklqana
Kikubaaqudgha
Nemelex Xobeh
Okawaru
Ru
Trog
Uskayaw
Xom
Yredelemnul
Zin

Shops:
Orc:1 ?   Orc:2 ?[%[[


Innate Abilities, Weirdness & Mutations

You have hooves in place of feet.
You are mostly covered in slimy green scales. (AC +3)
A demonic guardian rushes to your aid.
You are partially covered in sharp spines.
Your magical and physical power is slightly enhanced at high health.


Message History

The ice statue gestures at you. The bolt of cold hits you!!!
You hit the ice statue.
You melt the ice statue.
You kick the ice statue.
The ice statue is almost destroyed.
You are engulfed in freezing vapours.
* * * LOW HITPOINT WARNING * * *
The ice statue gestures.
You slice the ice statue!!
You melt the ice statue!
You destroy the ice statue!
Okawaru accepts your kill.
The ice beast disappears in a puff of smoke!
You are engulfed in freezing vapours.
* * * LOW HITPOINT WARNING * * *
You start resting.
You are engulfed in freezing vapours.
* * * LOW HITPOINT WARNING * * *
You're standing in a cloud of freezing vapour!
Unknown command.
You are engulfed in freezing vapours.
You die...

#### ##.#§#### ####
##..°.§§§# #### ##..##
#..○§§§@####..#####....#
#...§§§§.##....##.......
#..§........#.......∩.∩.
##.........###..........
#.......### ##..##....#
#......## ######..##
#.......# #### ##.....##
##....#


There were no monsters in sight!

Vanquished Creatures
  A bone dragon (D:13)
  Rupert (D:14)
  Gastronok (Lair:1)
  Donald (Orc:2)
  A fire giant (D:15)
  A frost giant (D:15)
  2 orc warlords
  Snorg (D:13)
  Erolcha (D:9)
  2 hydras
  A naga warrior (D:15)
  2 centaur warriors
  4 two-headed ogres
  A death yak (Lair:3)
  Erica (D:10)
  A dancing weapon (D:6)
  A tengu warrior (D:14)
  3 orc high priests (Orc:2)
  Urug (D:14)
  2 unseen horrors
  A wolf spider zombie (D:13)
  An obsidian statue (D:11)
  6 orc knights
  5 orc sorcerers
  5 ugly things
  A cyclops (D:14)
  A manticore (D:13)
  2 black mambas
  3 ice statues
  8 centaur zombies (D:13)
  A torpor snail (Lair:3)
  A naga mage (D:15)
  5 spiny frogs
  13 centaur skeletons
  A kobold demonologist (D:13)
  A komodo dragon (Lair:4)
  An efreet (D:15)
  A freezing wraith (D:12)
  An ice devil (IceCv)
  A rime drake (Lair:3)
  A jumping spider (shapeshifter) (D:14)
  4 trolls
  3 meliai (D:14)
  3 tengu conjurers
  2 hornets
  2 slime creatures (D:12)
  A queen bee (shapeshifter) (D:14)
  2 blink frogs (Lair:1)
  8 hippogriffs
  A meliai zombie (D:14)
  2 shadows
  23 yaks
  A vampire (D:14)
  A redback (D:13)
  4 wyverns
  2 wraiths (D:12)
  5 water elementals
  12 humans (D:13)
  2 basilisks
  A hungry ghost (D:11)
  3 vampire mosquitoes (D:13)
  A redback simulacrum (D:15)
  3 nagas (Lair:2)
  A warg (Orc:1)
  6 water moccasins
  33 orc warriors
  6 porcupines
  A sky beast (D:11)
  A black bear (D:7)
  2 hornet zombies (D:13)
  2 ice beasts
  8 ogres
  A phantom (D:9)
  14 centaurs
  9 crocodiles
  5 big kobolds
  Blork the orc (D:6)
  12 bullfrogs
  4 scorpions
  6 killer bees (D:10)
  The ghost of a0bad the Cudgeler, a weakling DsFi (D:6)
  3 electric eels (D:12)
  A howler monkey (D:9)
  7 crimson imps
  4 quasits
  4 hounds
  2 bullfrog skeletons
  2 bullfrog zombies
  6 jellies
  A gnoll shaman (D:7)
  22 orc priests
  32 orc wizards
  3 iguanas
  13 worker ants
  A hound zombie (D:5)
  Robin (D:2)
  17 gnolls
  19 adders
  A river rat (D:12)
  4 shadow imps
  16 white imps
  4 ufetubi (IceCv)
  7 oozes
  2 adder skeletons
  6 worms
  3 dart slugs
  6 leopard geckos
  83 orcs
  8 bats
  9 giant cockroaches
  33 goblins
  23 hobgoblins
  2 jackals (D:3)
  39 kobolds
  3 quokkas
  A ball python (D:2)
  4 frilled lizards
  A jackal skeleton (D:4)
  A quokka skeleton (D:6)
  6 rats
  2 plants
690 creatures vanquished.

Vanquished Creatures (collateral kills)
  An orc warlord (Bailey)
  The ghost of teukkam the Fighter, a journeyman MiBe of Jiyva (Lair:3)
  Josephine (D:12)
  3 two-headed ogres
  Harold (D:8)
  2 centaur warriors
  2 orc knights (Bailey)
  An orc sorcerer (Orc:1)
  A salamander (D:15)
  A cyclops (D:12)
  A centaur skeleton (D:13)
  A gargoyle (D:10)
  A komodo dragon (Lair:1)
  A rime drake (Lair:3)
  3 trolls
  A slime creature (D:12)
  3 blink frogs (Lair:1)
  A hippogriff (D:11)
  4 humans
  A wraith (D:12)
  8 yaks
  A vampire mosquito (D:13)
  2 basilisks
  Menkaure (D:5)
  A naga (Lair:2)
  A porcupine (Lair:3)
  17 orc warriors
  4 centaurs
  2 ogres
  A big kobold (D:11)
  A crocodile (Lair:2)
  A scorpion (D:11)
  A howler monkey (D:9)
  2 hounds
  4 orc priests
  7 orc wizards
  3 gnolls (Bailey)
  15 orcs
  6 goblins (Bailey)
  2 hobgoblins (Bailey)
  A jackal (D:3)
  A kobold (D:12)
113 creatures vanquished.

Vanquished Creatures (others)
  Nessos (D:13)
  A centaur (D:14)
  4 white imps (IceCv)
  3 ufetubi (IceCv)
  A leopard gecko (D:10)
  4 plants (D:14)
14 creatures vanquished.

Grand Total: 817 creatures vanquished

Notes
Turn   | Place    | Note
-------+----------+-------------------------------------------
     0 | D:1      | Peloso the Demonspawn Fighter began the quest for the Orb.
     0 | D:1      | Reached XP level 1. HP: 18/18 MP: 1/1
    78 | D:1      | Gained mutation: You are partially covered in sharp spines.
                  | [demonic ancestry]
    78 | D:1      | Reached XP level 2. HP: 13/24 MP: 2/2
   161 | D:1      | Reached skill level 2 in Long Blades
   395 | D:1      | Gained mutation: A weak demonic guardian rushes to your
                  | aid. [demonic ancestry]
   395 | D:1      | Reached XP level 3. HP: 21/29 MP: 3/3
   793 | D:2      | Reached XP level 4. HP: 28/35 MP: 4/4
   870 | D:2      | Noticed Robin
   879 | D:2      | Killed Robin
  1336 | D:3      | Gained mutation: A demonic guardian rushes to your aid.
                  | [demonic ancestry]
  1336 | D:3      | Reached XP level 5. HP: 41/41 MP: 5/5
  1382 | D:3      | Reached skill level 1 in Stealth
  1387 | D:3      | Reached skill level 3 in Long Blades
  1506 | D:3      | Noticed an ogre
  1514 | D:3      | Killed an ogre
  1514 | D:3      | Reached skill level 1 in Dodging
  1554 | D:3      | Gained mutation: You are partially covered in slimy green
                  | scales. (AC +2) [demonic ancestry]
  1554 | D:3      | Reached XP level 6. HP: 48/48 MP: 6/6
  1911 | D:4      | Found a shadowy altar of Dithmenos.
  1911 | D:4      | Found a hide-covered altar of Uskayaw.
  2169 | D:4      | Reached skill level 4 in Long Blades
  2413 | D:5      | Entered Level 5 of the Dungeon
  2468 | D:5      | Reached XP level 7. HP: 53/53 MP: 7/7
  2581 | D:5      | Found a staircase to the Ecumenical Temple.
  2660 | Temple   | Entered the Ecumenical Temple
  2692 | Temple   | Became a worshipper of Warmaster Okawaru
  2815 | D:5      | Noticed Menkaure
  2819 | D:5      | Killed Menkaure
  2834 | D:5      | Reached skill level 5 in Long Blades
  2952 | D:5      | Reached * piety under Okawaru
  3027 | D:5      | Gained mutation: You have large cloven feet. [demonic
                  | ancestry]
  3027 | D:5      | Reached XP level 8. HP: 39/60 MP: 8/8
  3101 | D:5      | Found a basalt altar of Yredelemnul.
  3191 | D:5      | Reached skill level 5 in Shields
  3346 | D:5      | Got a heavily runed zirconium amulet
  3604 | D:6      | Found a hazy altar of Hepliaklqana.
  3611 | D:6      | Reached skill level 6 in Long Blades
  3781 | D:6      | Found a runed translucent door.
  3781 | D:6      | Found a shimmering altar of Xom.
  3781 | D:6      | Noticed a0bad's ghost (weakling DsFi)
  3794 | D:6      | Noticed a +0 quarterstaff of chaos
  4045 | D:6      | Noticed Blork the orc
  4051 | D:6      | Killed Blork the orc
  4237 | D:7      | Found a flagged portal.
  4246 | Bailey   | Entered a bailey
  4308 | Bailey   | Reached skill level 7 in Long Blades
  4645 | Bailey   | Reached ** piety under Okawaru
  4645 | Bailey   | Reached skill level 5 in Armour
  4645 | Bailey   | Gained mutation: You have hoof-like feet. [demonic
                  | ancestry]
  4645 | Bailey   | Reached XP level 9. HP: 48/66 MP: 9/9
  4855 | Bailey   | Noticed an orc knight
  4855 | Bailey   | Noticed an orc warlord
  4856 | Bailey   | Noticed an orc knight
  4878 | Bailey   | Killed an orc warlord
  4878 | Bailey   | Reached *** piety under Okawaru
  4878 | Bailey   | Reached skill level 5 in Fighting
  4878 | Bailey   | Reached skill level 1 in Invocations
  4883 | Bailey   | Reached skill level 8 in Long Blades
  4890 | Bailey   | Killed an orc knight
  4902 | Bailey   | Killed an orc knight
  4902 | Bailey   | Reached **** piety under Okawaru
  4962 | Bailey   | Identified the amulet of the Suburbs {Spirit Int+2} (You
                  | found it on level 5 of the Dungeon)
  4992 | Bailey   | Got a fine rapier
  4993 | Bailey   | Identified the +3 rapier of the Pill Bug {pierce, MR+} (You
                  | found it in a bailey)
  5375 | D:7      | Found a blossoming altar of Fedhas.
  5519 | D:8      | Gained mutation: You are mostly covered in slimy green
                  | scales. (AC +3) [demonic ancestry]
  5519 | D:8      | Reached XP level 10. HP: 74/74 MP: 11/11
  5639 | D:8      | Noticed Harold
  5645 | D:8      | Killed Harold
  5645 | D:8      | Reached ***** piety under Okawaru
  5690 | D:8      | Noticed a two-headed ogre
  5697 | D:8      | Killed a two-headed ogre
  5746 | D:8      | Found a staircase to the Lair.
  5754 | D:8      | Got a slimy chain mail
  5765 | D:8      | Identified the +2 chain mail "Igoelely" {rC+ Str+2} (You
                  | found it on level 8 of the Dungeon)
  5798 | D:8      | Found a white marble altar of Elyvilon.
  5798 | D:8      | Found a shimmering altar of Xom.
  5798 | D:8      | Found an opulent altar of Gozag.
  5798 | D:8      | Found a bloodstained altar of Trog.
  5820 | D:8      | Received a gift from Okawaru
  5820 | D:8      | Reached skill level 9 in Long Blades
  5826 | D:8      | Got a transparent falchion {god gift}
  5827 | D:8      | Identified the +9 falchion of Dicuy {slice, Str+2 Stlth+}
                  | (Okawaru gifted it to you on level 8 of the Dungeon)
  5986 | D:8      | Found a sparkling altar of Nemelex Xobeh.
  6374 | D:9      | Noticed a two-headed ogre
  6381 | D:9      | Killed a two-headed ogre
  6561 | D:9      | Found a sacrificial altar of Ru.
  6563 | D:9      | Noticed Erolcha
  6577 | D:9      | Killed Erolcha
  6954 | D:9      | Gained mutation: You have hooves in place of feet. [demonic
                  | ancestry]
  6954 | D:9      | Reached XP level 11. HP: 72/83 MP: 12/12
  7199 | D:10     | Entered Level 10 of the Dungeon
  7244 | D:10     | Noticed Erica
  7255 | D:10     | Killed Erica
  7255 | D:10     | Reached skill level 10 in Long Blades
  7345 | D:10     | Reached ****** piety under Okawaru
  7358 | D:10     | Received a gift from Okawaru
  7405 | D:10     | Noticed an unseen horror
  7411 | D:10     | Killed an unseen horror
  7906 | D:11     | Received a gift from Okawaru
  7915 | D:11     | Noticed a two-headed ogre
  7922 | D:11     | Noticed a centaur warrior
  7924 | D:11     | Killed a two-headed ogre
  7929 | D:11     | Noticed a two-headed ogre
  7930 | D:11     | Killed a centaur warrior
  7943 | D:11     | Killed a two-headed ogre
  7943 | D:11     | Reached skill level 11 in Long Blades
  8115 | D:11     | Noticed a green ugly thing
  8123 | D:11     | Killed a green ugly thing
  8246 | D:11     | Noticed an obsidian statue
  8261 | D:11     | Killed an obsidian statue
  8394 | D:11     | Noticed a four-headed hydra
  8402 | D:11     | Killed a two-headed hydra
  8402 | D:11     | Reached skill level 10 in Shields
  8470 | D:11     | Noticed an unseen horror
  8480 | D:11     | Killed an unseen horror
  8480 | D:11     | Reached XP level 12. HP: 91/91 MP: 13/13
  8491 | D:11     | Got a twisted rapier
  8705 | D:11     | Found a staircase to the Orcish Mines.
  9103 | Lair:1   | Entered Level 1 of the Lair of Beasts
  9191 | Lair:1   | Noticed Gastronok
  9203 | Lair:1   | Killed Gastronok
  9203 | Lair:1   | Received a gift from Okawaru
  9207 | Lair:1   | Got a pair of bloodstained gloves {god gift}
  9213 | Lair:1   | Identified the +1 pair of gloves "Anox" {rN++ Int+2}
                  | (Okawaru gifted it to you on level 1 of the Lair of Beasts)
  9710 | Lair:2   | Reached skill level 12 in Long Blades
  9915 | Lair:2   | Found a staircase to the Shoals.
 10090 | Lair:2   | Found a staircase to the Snake Pit.
 10681 | Lair:3   | Noticed teukkam's ghost (journeyman MiBe)
 10682 | Lair:3   | Noticed a death yak
 10701 | Lair:3   | Found a runed translucent gate.
 10701 | Lair:3   | Found a runed translucent gate.
 10701 | Lair:3   | Found a runed translucent gate.
 11074 | Lair:3   | Received a gift from Okawaru
 11673 | Orc:1    | Entered Level 1 of the Orcish Mines
 11673 | Orc:1    | Found Winurchoi's Magic Scroll Emporium.
 11680 | Orc:1    | Gained mutation: Your magical and physical power is
                  | slightly enhanced at high health. [demonic ancestry]
 11680 | Orc:1    | Reached XP level 13. HP: 98/98 MP: 14/14
 11708 | Orc:1    | Noticed an orc warlord
 11729 | Orc:1    | Killed an orc warlord
 12015 | Orc:1    | Bought a scroll of fog for 32 gold pieces
 12015 | Orc:1    | Bought a scroll of identify for 32 gold pieces
 12015 | Orc:1    | Bought a scroll of identify for 32 gold pieces
 12071 | Orc:2    | Entered Level 2 of the Orcish Mines
 12074 | Orc:2    | Found Iloxtuir's Armour Boutique.
 12100 | Orc:2    | Found a staircase to the Elven Halls.
 12105 | Orc:2    | Noticed Donald
 12122 | Orc:2    | Killed Donald
 12134 | Orc:2    | Found a flickering gateway to a bazaar.
 12159 | Bazaar   | Entered a bazaar
 12163 | Bazaar   | Found Woegotz's General Store.
 12171 | Bazaar   | Found Lyheanuf's Magic Scroll Shop.
 12184 | Bazaar   | Found Saheyd's Antique Weapon Emporium.
 12196 | Bazaar   | Found Qugicat's Jewellery Boutique.
 12204 | Bazaar   | Bought a cursed amulet of inaccuracy for 18 gold pieces
 12207 | Bazaar   | Found Poothyta's Antique Armour Boutique.
 12245 | Bazaar   | Bought 3 scrolls of enchant weapon for 360 gold pieces
 12579 | Orc:2    | Found Obowk's Antique Armour Shoppe.
 12583 | Orc:2    | Paralysed by an orc sorcerer for 4 turns
 12587 | Orc:2    | HP: 1/99 [orc sorcerer/bolt of fire (15)]
 13020 | Orc:2    | Paralysed by an orc sorcerer for 5 turns
 13185 | Orc:2    | Received a gift from Okawaru
 13202 | Orc:2    | Found Yhynouff's Magic Scroll Shoppe.
 13204 | Orc:2    | Found Ytytuyj's Food Boutique.
 13204 | Orc:2    | Found Boomiej's Armour Boutique.
 13420 | Orc:2    | Bought a scroll of blinking for 112 gold pieces
 13436 | Orc:2    | Bought an ancient plate armour for 952 gold pieces
 13447 | Orc:2    | Identified the +1 plate armour of the Valley {Int+4} (You
                  | bought it in a shop on level 2 of the Orcish Mines)
 13448 | Orc:2    | Bought an aquamarine-studded chain mail for 323 gold pieces
 13459 | Orc:2    | Identified the +8 chain mail "Joitac" {rF++ Str+3} (You
                  | bought it in a shop on level 2 of the Orcish Mines)
 13974 | Orc:1    | Reached skill level 13 in Long Blades
 14057 | Orc:1    | Reached skill level 10 in Armour
 14270 | D:12     | Noticed Josephine
 14277 | D:12     | Killed Josephine
 14293 | D:12     | Got a jewelled scale mail
 14860 | D:12     | Found a shimmering altar of Xom.
 15216 | D:12     | Identified the +1 scale mail of Sif Muna's Benevolence {MR-
                  | Int+7} (You found it on level 12 of the Dungeon)
 15219 | D:12     | Identified the +4 rapier of Foygh {holy, Str+2 Int-4 Dex+2}
                  | (You found it on level 11 of the Dungeon)
 15416 | D:13     | Noticed Snorg
 15422 | D:13     | Killed Snorg
 15422 | D:13     | Received a gift from Okawaru
 15427 | D:13     | Got a steaming long sword {god gift}
 15428 | D:13     | Identified the +1 long sword of the Sky {slice, rC+}
                  | (Okawaru gifted it to you on level 13 of the Dungeon)
 15486 | D:13     | Noticed Nessos
 15493 | D:13     | Killed Nessos
 15493 | D:13     | Reached XP level 14. HP: 109/109 MP: 16/16
 15825 | D:13     | Noticed a bone dragon
 15826 | D:13     | Found the +9 sword of Zonguldrok {reap}
 15831 | D:13     | Received a gift from Okawaru
 15842 | D:13     | Killed a bone dragon
 15842 | D:13     | Reached skill level 10 in Fighting
 16319 | D:14     | Found a gate to the Vaults.
 16319 | D:14     | Noticed Urug
 16325 | D:13     | Reached skill level 14 in Long Blades
 16478 | D:13     | Received a gift from Okawaru
 16753 | D:14     | Killed Urug
 17963 | D:14     | Received a gift from Okawaru
 17968 | D:14     | Got a crystal arbalest {god gift}
 18371 | D:14     | Reached skill level 5 in Dodging
 18417 | D:14     | Was placed under penance by Okawaru
 18494 | D:14     | Noticed Rupert
 18518 | D:14     | Killed Rupert
 18632 | D:14     | Noticed an orc warlord
 18638 | D:14     | Killed an orc warlord
 19303 | D:15     | Entered Level 15 of the Dungeon
 19702 | D:15     | Noticed a fire giant
 19702 | D:15     | Noticed a frost giant
 19713 | D:15     | Killed a frost giant
 19721 | D:15     | Killed a fire giant
 20137 | D:6      | Killed a0bad's ghost
 20137 | D:6      | Was forgiven by Okawaru
 20153 | D:6      | Identified a scroll of acquirement
 20333 | Lair:3   | Reached XP level 15. HP: 102/117 MP: 14/17
 20339 | Lair:3   | Killed teukkam's ghost
 20455 | Lair:4   | Found a frozen archway.
 20564 | IceCv    | Entered an ice cave
 20687 | IceCv    | Engulfed by a cloud of freezing vapour

Levels and vault maps discovered:
D:1:      lightli_arrival_flooded_house, layout_basic
D:2:      layout_basic, first_ration, uniq_robin
D:3:      layout_basic
D:4:      layout_basic, grunt_temple_overflow_open
D:5:      layout_basic, overflow_temple_1_default,
          minmay_temple_entry_enclosed_plants, uniq_menkaure
D:6:      layout_basic, old_standard_altar, ebering_ghost_xom,
          uniq_blork_the_orc
D:7:      layout_rooms, fedhas_altar_3, enter_bailey_1
D:8:      minmay_goldmine, layout_loops_ring, nemelex_xobeh_ov_fountains_minmay,
          chequers_temple_overflow_statue_of_worship, lair_entry_dummy,
          uniq_harold
D:9:      layout_roguey, lemuel_crystal_altar, hangedman_little_slice_of_home,
          uniq_erolcha
D:10:     layout_irregular_city, uniq_erica
D:11:     minmay_separated_statues, layout_gridville, david_orc_4,
          minmay_misc_feat_room
D:12:     layout_basic, basic_altar, pond, uniq_josephine
D:13:     layout_long_grid, minmay_guarded_unrand_zonguldrok, uniq_snorg,
          uniq_nessos
D:14:     layout_loops_ring, david_vaults_3, chequers_big_river, uniq_rupert
D:15:     gammafunk_enter_depths_forms, layout_loops_ring
Temple:   jpeg_temple_clearing
Lair:1:   layout_misc_corridors, infiniplex_staircase_pool, grunt_megastairs_2,
          uniq_gastronok
Lair:2:   layout_cave_pods, minmay_shoals_entry_centaurs,
          minmay_snake_entry_guardpost_small
Lair:3:   layout_regular_city, gammafunk_ghost_split, grunt_megastairs_3
Lair:4:   layout_cave_pods, portal_ice_cave_entry_imps, minivault_11,
          grunt_megastairs_1
Orc:1:    layout_diamond_mine, serial_shops, shop
Orc:2:    st_orc_elflike, layout_diamond_mine, serial_shops, bzr_entry_gold,
          shop, uniq_donald
IceCv:    ice_cave_small_demon

Skill      XL: |  1  2  3  4  5  6  7  8  9 10 11 12 13 14 |
---------------+-------------------------------------------+-----
Long Blades    | 2 3 4 5 7 8 9 11 12 13 14 | 14.5
Shields        | 3 4 6 7 8 10 11 12 | 12.8
Armour         | 3 4 5 6 7 9 10 11 | 11.1
Stealth        | 1 2 3 |  3.8
Dodging        | 1 2 3 4 5 |  5.1
Fighting       | 4 5 6 7 8 9 10 | 10.7
Invocations    | 1 2 |  2.8

Action                   |  1- 3 |  4- 6 |  7- 9 | 10-12 | 13-15 || total
-------------------------+-------+-------+-------+-------+-------++-------
Melee: Long sword        |    88 |   193 |   312 |    59 |       ||   652
       Kick              |       |       |    85 |   216 |   291 ||   592
       Falchion          |       |       |       |   541 |   104 ||   645
       Scimitar          |       |       |       |     5 |       ||     5
       Double sword      |       |       |       |       |   525 ||   525
Invok: Heroism           |       |       |     6 |     4 |     6 ||    16
 Abil: Evoke Flight      |       |       |       |       |     1 ||     1
  Use: Potion            |     1 |       |       |       |     6 ||     7
       Scroll            |       |     4 |    11 |     3 |    18 ||    36
 Stab: Distracted        |       |       |     1 |     3 |     1 ||     5
       Invisible         |       |       |       |       |     1 ||     1
  Eat: Chunk             |       |     5 |    11 |    19 |    15 ||    50
       Ration            |       |       |       |       |     5 ||     5
Armor: Scale mail        |    38 |    83 |       |       |       ||   121
       Plate armour      |       |    12 |   156 |    14 |       ||   182
       Chain mail        |       |       |       |   217 |   257 ||   474
Dodge: Dodged            |    21 |    54 |    54 |   133 |   182 ||   444
Block: Shield            |    50 |   110 |   163 |   391 |   442 ||  1156
       Reflection        |       |       |       |       |    38 ||    38
       Rpst.: Long sword |    11 |    13 |    17 |     4 |       ||    45
       Falchion          |       |       |       |    35 |    10 ||    45
       Double sword      |       |       |       |       |    43 ||    43
